 Dungeon Crawl Stone Soup version 0.28-a0-653-g7e9dba17c3 (webtiles) character file.

Game seed: 9426915446973657986

130 ryw the Insei (level 4, -3/34 HPs)
             Began as a Demonspawn Gladiator on Oct 11, 2021.
             Slain by Grinder (5 damage)
             ... while paralysed by Grinder
             ... on level 3 of the Dungeon.
             The game lasted 00:05:02 (2463 turns).

ryw the Insei (Demonspawn Gladiator)                Turns: 2463, Time: 00:05:02

Health: -3/34      AC:  3    Str: 14    XL:     4   Next: 89%
Magic:  4/4        EV:  2    Int:  9    God:
Gold:   68         SH:  0    Dex: 16    Spells: 3/3 levels left

rFire   . . .      SeeInvis .   j - +2 dagger (venom)
rCold   . . .      Faith    .   (no shield)
rNeg    . . .      Spirit   .   l - +0 robe
rPois   .          Reflect  .   b - +0 helmet
rElec   .          Harm     .   (no cloak)
rCorr   .          Rampage  .   (no gloves)
Will    .....                   (no boots)
Stlth   +.........              (no amulet)
HPRegen 0.11/turn               (no ring)
MPRegen 0.18/turn               (no ring)

@: paralysed, attractive
A: claws 1, magic regeneration
a: no special abilities


You were on level 3 of the Dungeon.
You visited 1 branch of the dungeon, and saw 3 of its levels.

You collected 68 gold pieces.

Inventory:

Hand Weapons
 j - a +2 dagger of venom (weapon)
 m - a +0 dagger of venom
Missiles
 c - 3 throwing nets (quivered)
Armour
 a - a +0 leather armour
 b - a +0 helmet (worn)
 l - a +0 robe (worn)
Jewellery
 f - an amulet of magic regeneration
Scrolls
 d - a scroll of enchant weapon {unknown}
 i - 2 scrolls of vulnerability {unknown}
 o - 3 scrolls of enchant armour {unknown}
 p - a scroll of magic mapping {unknown}
Potions
 g - a potion of curing
 h - a potion of heal wounds {unknown}
 k - a potion of resistance {unknown}
 n - a potion of flight {unknown}


   Skills:
 - Level 2.7 Fighting
 - Level 1.7 Throwing
 - Level 2.6 Dodging
 * Level 4.8 Unarmed Combat


You had 3 spell levels left.
You didn't know any spells.
Your spell library was empty.

Dungeon Overview and Level Annotations

Branches:
Dungeon (3/15)

Altars:

Shops:
D:1 *

Annotations:
D:3 Grinder


Innate Abilities, Weirdness & Mutations

You have sharp fingernails.
You regenerate magic rapidly.


Message History

There is a stone staircase leading down here.
You open the door.
Found an escape hatch in the floor.
Found a stone staircase leading down.
There is an open door here.
Grinder comes into view.
You closely miss Grinder. Grinder hits you!
You closely miss Grinder. Grinder hits you.
You hit Grinder but do no damage. Grinder hits you.
You hit Grinder.
Grinder is lightly wounded.
Grinder gestures at you. Pain shoots through your body!
You hit Grinder but do no damage.
Grinder is lightly wounded.
Grinder says, "Don't move a muscle."
Grinder hits you but does no damage.
Unknown command.
You hit Grinder but do no damage.
Grinder is poisoned.
Grinder is lightly wounded.
Grinder closely misses you.
It was a potion of attraction.
You feel attractive to monsters. Grinder closely misses you.
It was a potion of curing.
You feel better. Grinder closely misses you.
You hit Grinder.
Grinder is moderately wounded.
Grinder closely misses you.
You hit Grinder.
Grinder is moderately wounded.
Grinder hits you.
You completely miss Grinder.
Grinder is moderately wounded.
Grinder gestures at you.
You suddenly lose the ability to move!
Grinder hits you.
You writhe in agony.
* * * LOW HITPOINT WARNING * * *
Grinder hits you!
* * * LOW HITPOINT WARNING * * *
You writhe in agony.
You die...

##>...........#.(.
#.##########.#...
####.##########.....
#..........(..###.##
#.###.#######.##..##
#. #.# #.<.....
#.###.# #.######
#.....# #.# #..@###
#.# #..5# #.# #...#
..# #...# ### #...#
#####


You could see Grinder (poisoned).

Vanquished Creatures
  Jessica (D:2)
  Natasha (thrice) (D:2)
  A worm (D:2)
  2 ball pythons (D:2)
  7 bats
  3 endoplasms (D:1)
  A giant cockroach (D:2)
  A goblin (D:1)
  4 jackals
  5 kobolds
  2 rats (D:2)
30 creatures vanquished.

Notes
Turn   | Place    | Note
-------+----------+-------------------------------------------
     0 | D:1      | ryw the Demonspawn Gladiator began the quest for the Orb.
     0 | D:1      | Reached XP level 1. HP: 16/16 MP: 1/1
   207 | D:1      | Discovered your monstrous ancestry.
   207 | D:1      | Gained mutation: You have sharp fingernails. [demonic
                  | ancestry]
   207 | D:1      | Reached XP level 2. HP: 10/23 MP: 2/2
   948 | D:1      | Found Xopsoull's General Store.
  1031 | D:1      | Reached skill level 3 in Unarmed Combat
  1457 | D:2      | Noticed Jessica
  1462 | D:2      | Killed Jessica
  1463 | D:2      | Reached XP level 3. HP: 28/28 MP: 3/3
  1817 | D:2      | Noticed Natasha
  1823 | D:2      | Killed Natasha
  1824 | D:2      | Reached skill level 4 in Unarmed Combat
  1824 | D:2      | Gained mutation: You regenerate magic rapidly. [demonic
                  | ancestry]
  1824 | D:2      | Reached XP level 4. HP: 28/34 MP: 4/4
  1908 | D:2      | Noticed Natasha
  1918 | D:2      | Killed Natasha
  2149 | D:2      | Noticed Natasha
  2156 | D:2      | Killed Natasha
  2243 | D:3      | Found a faded altar of an unknown god.
  2449 | D:3      | Noticed Grinder
  2461 | D:3      | Paralysed by Grinder for 3 turns
  2463 | D:3      | Slain by Grinder

Illustrated notes

Levels and vault maps discovered:
D:1:      dpeg_arrival_tiny_d, layout_basic, serial_shops, nicolae_shop_stone
D:2:      layout_loops_ring, uniq_jessica, uniq_natasha
D:3:      layout_basic, hellmonk_ecumenical_altar_lost_god, solitary_fountain,
          uniq_grinder, uniq_ijyb

Skill      XL: |  1  2  3 |
---------------+----------+-----
Unarmed Combat | 3 4 |  4.8
Fighting       | |  2.7
Throwing       | |  1.7
Dodging        | |  2.6

Action                   |  1- 3 |  4- 6 || total
-------------------------+-------+-------++-------
Melee: Unarmed           |    21 |       ||    21
       Hand axe          |    20 |       ||    20
       Dagger            |    22 |    24 ||    46
       Punch             |     1 |     1 ||     2
  Use: Potion            |       |     2 ||     2
Armor: Leather armour    |    23 |     4 ||    27
       Robe              |       |     1 ||     1
Dodge: Dodged            |    38 |    12 ||    50

Table legend: (Time is in decaauts)
 A = Elapsed time spent in this place.
 B = Non-inter-level travel time spent in this place.
 C = Inter-level travel time spent in this place.
 D = Time resting spent in this place.
 E = Time spent auto-exploring this place.
 F = Levels seen in this place.
 G = Mean time per level.
                   A        B        C        D        E       F      G
               +--------+--------+--------+--------+--------+-----+--------+
         Total |   2491 |   2397 |     94 |    236 |   1901 |   3 |  830.3 |
       Dungeon |   2491 |   2397 |     94 |    236 |   1901 |   3 |  830.3 |
               +--------+--------+--------+--------+--------+-----+--------+

Top non-repeatable levels by time:
     D:1: 1174 daAuts
     D:2: 1086 daAuts
     D:3: 230 daAuts
